 Dungeon Crawl Stone Soup version 0.25-a0-578-gc91f01c39c (webtiles) character file.

Game seed: 8957940754906605178, levelgen mode: classic

14364 EnegeticOcto the Cleaver (level 11, -9/108 HPs)
             Began as a Deep Dwarf Fighter on Mar 3, 2020.
             Was an Elder of Makhleb.
             Mangled by a two-headed ogre
             ... wielding a +0 giant club
              (14 damage)
             ... on level 12 of the Dungeon.
             The game lasted 00:06:49 (8255 turns).

EnegeticOcto the Cleaver (Deep Dwarf Fighter)       Turns: 8255, Time: 00:06:49

Health: -9/108     AC: 22    Str: 23    XL:     11   Next: 87%
Magic:  8/8        EV:  5    Int:  9    God:    Makhleb [****..]
Gold:   614        SH: 11    Dex: 12    Spells: 10/10 levels left

rFire    . . .     SeeInvis .   a - +1 broad axe
rCold    . . .     Gourm    .   c - +0 kite shield
rNeg     . . .     Faith    .   d - +0 plate armour
rPois    .         Spirit   .   i - +0 helmet
rElec    .         Reflect  .   (no cloak)
rCorr    .         Harm     +   m - +0 pair of gloves
MR       +....                  f - +2 pair of boots
Stlth    ..........             G - amulet of harm
HPRegen  0.00/turn              (no ring)
MPRegen  0.11/turn              (no ring)

@: non-regenerating
A: damage resistance, heal wounds, slimy green scales 1, mutation resistance 1,
sense surroundings 2, subdued magic 1, no regeneration
a: Heal Wounds, Minor Destruction, Lesser Servant of Makhleb, Major Destruction,
Renounce Religion


You were on level 12 of the Dungeon.
You worshipped Makhleb.
Makhleb was greatly pleased with you.
You were not hungry.

You visited 2 branches of the dungeon, and saw 13 of its levels.

You collected 614 gold pieces.

Inventory:

Hand Weapons
 a - a +1 broad axe (weapon)
Missiles
 C - a throwing net (quivered)
Armour
 c - a +0 kite shield (worn)
 d - a +0 plate armour (worn)
 f - a +2 pair of boots (worn)
 i - a +0 helmet (worn)
 m - a +0 pair of gloves (worn)
Jewellery
 G - an amulet of harm (around neck)
Wands
 u - a wand of acid (14) {@v1}
 v - a wand of polymorph (2)
 w - a wand of digging (3) {@v2}
Scrolls
 l - a scroll of immolation {@r4}
 o - a scroll of enchant weapon
 q - 3 scrolls of blinking {@r3}
 r - 3 scrolls of teleportation {@r2}
 y - a scroll of magic mapping {@r5}
 z - 4 scrolls of fog
 E - 6 scrolls of remove curse {@r6}
Potions
 g - a potion of heal wounds {@q2}
 h - 2 potions of resistance {unknown}
 j - a potion of stabbing {@q5}
 k - 2 potions of might {@q3}
 n - 3 potions of haste {@q4}
 p - 3 potions of curing {@q1}
 s - 3 potions of ambrosia
 t - a potion of magic
 x - 2 potions of lignification {@q7}
 D - a potion of flight
 H - 2 potions of cancellation
Comestibles
 e - 24 rations


   Skills:
 * Level 10.1 Fighting
 * Level 11.4 Axes
 + Level 8.8 Armour
 + Level 8.8 Shields
 * Level 9.2 Invocations


You had 10 spell levels left.
You didn't know any spells.
Your spell library was empty.

Dungeon Overview and Level Annotations

Branches:
Dungeon (12/15)            Temple (1/1) D:4            Lair (0/6) D:10
    Orc (0/2) D:9

Altars:
Ashenzari
Cheibriados
Dithmenos
Elyvilon
Fedhas
Gozag
Hepliaklqana
Kikubaaqudgha
Makhleb
Nemelex Xobeh
Okawaru
Qazlal
Ru
Sif Muna
Trog
Uskayaw
Vehumet
Wu Jian
Xom
Yredelemnul
Zin
The Shining One

Shops:
D:9 *(

Annotations:
D:8 Prince Ribbit
D:10 4 runed translucent doors
D:11 3 runed translucent doors, zikan's ghost, journeyman FoFi


Innate Abilities, Weirdness & Mutations

You are resistant to damage.
You can heal yourself by infusing magical energy.
You passively map the area around you.
You do not regenerate.
You are partially covered in slimy green scales. (AC +2)
You are somewhat resistant to further mutation.
Your spells are a little easier to cast, but a little less powerful.


Message History

The yak bellows! x2
A yak comes into view.
The yak bellows!
A slime creature comes into view.
The slime creature quivers.
You slice the yak!!
The yak is severely wounded.
A slime creature comes into view.
The yak barely misses you.
A slime creature comes into view.
The slime creature quivers.
You slice the yak!!
You kill the yak!
Makhleb accepts your kill.
You feel better. The yak completely misses you.
Your plate armour prevents you from hitting the yak.
You block the yak's attack.
Your shield and plate armour prevent you from hitting the yak.
You slash the yak! x2; You block the yak's attack. x2
The yak gores you but does no damage.
You hit the yak.
The yak is heavily wounded.
You barely miss the yak. You slash the yak! You slice the yak!!
A slime creature comes into view.
You block the yak's attack. The yak gores you but does no damage.
The yak gores you. The yak completely misses you.
You closely miss the yak.
The yak is severely wounded.
You closely miss the yak.
Your shield and plate armour prevent you from hitting the yak.
You slash the yak!
A slime creature comes into view.
The yak gores you but does no damage. You block the yak's attack.
A two-headed ogre comes into view. It is wielding two +0 giant clubs.
The yak gores you! The yak gores you but does no damage.
You hit the yak but do no damage.
The yak is almost dead.
You slash the yak! x2; You hit the yak but do no damage.
The yak completely misses you. You block the yak's attack.
The yak gores you but does no damage. The yak barely misses you.
You slice the yak!!
You kill the yak!
Makhleb accepts your kill.
You slash the yak!
You kill the yak!
Makhleb accepts your kill.
You closely miss the yak. You hit the yak but do no damage.
You block the yak's attack. The yak gores you.
You slash the yak!
You kill the yak!
Makhleb accepts your kill.
You feel better.
You hit the yak. You slash the slime creature! x2
The slime creature hits you.
A slime creature comes into view.
The yak gores you.
The slime creature hits you but does no damage.
The slime creature quivers.
You slash the yak!
The yak is almost dead.
Your plate armour prevents you from hitting the slime creature.
You slash the slime creature! x2
The slime creature hits you but does no damage. x2
The yak barely misses you.
Two slime creatures merge to form a large slime creature.
You block the slime creature's attack.
You hit the yak.
You kill the yak!
Makhleb accepts your kill.
You can now hurl Makhleb's greater destruction.
You feel better.
You slash the large slime creature! You barely miss the slime creature.
You hit the slime creature but do no damage.
You block the slime creature's attack. The slime creature hits you!
You slice the slime creature!!
The slime creature is almost dead.
You slash the slime creature!
Your plate armour prevents you from hitting the slime creature.
You slash the large slime creature! You block the slime creature's attack.
The slime creature hits you but does no damage.
You block the slime creature's attack.
You slice the slime creature!!
You kill the slime creature!
Makhleb accepts your kill.
You feel better.
You hit the two-headed ogre. You slash the large slime creature!
You slash the slime creature!
You hit the slime creature but do no damage.
The slime creature hits you. The large slime creature hits you!!
The two-headed ogre completely misses you.
The two-headed ogre hits you with a +0 giant club!
The slime creature hits you but does no damage.
You slice the slime creature!!
The slime creature is almost dead.
You slash the slime creature! You slash the two-headed ogre!
Your plate armour prevents you from hitting the large slime creature.
You block the slime creature's attack. The large slime creature hits you!!
* * * LOW HITPOINT WARNING * * *
The two-headed ogre hits you with a +0 giant club!!
* * * LOW HITPOINT WARNING * * *
The two-headed ogre hits you with a +0 giant club!
You die...

, ##.........#........ ,, ,
, ,#.........#........ , ,
,, #.........#........ , .,
#.........#....##.#
*#.#.####..########....##[#
,
..........#...(...<......+
,
..#.......#..............#
,,
*,,#..#..O.+..............#
*, ,
#.....†@########.####### ,
**#.##..JJJ..# #)# * , ,,#.
#.J.....#....).# ,,, '
,#.......#......#
,.'.......#......# ,,
..#.......#......# ,,
...#.......#......# , ** #+
#.......##....## , , * ,
######


You could see a large slime creature, 3 slime creatures and a two-headed ogre.

Vanquished Creatures
  2 two-headed ogres
  2 unseen horrors (D:10)
  Pikel (D:4)
  A deep elf mage (D:12)
  An ugly thing (D:11)
  A gargoyle (D:10)
  A komodo dragon (D:10)
  A troll (D:10)
  A slime creature (D:12)
  Grinder (D:3)
  5 hippogriffs
  8 spriggans (D:11)
  A wraith (D:10)
  Eustachio (D:4)
  6 yaks
  A hungry ghost (D:11)
  A steam dragon (D:9)
  3 hogs (D:8)
  A human (D:8)
  Edmund (D:6)
  A soldier ant (D:11)
  3 water moccasins
  Duvessa (D:6)
  5 orc warriors
  A slave (D:4)
  A swamp drake (D:9)
  4 phantoms
  2 ogres
  A sky beast (D:9)
  A necrophage (D:12)
  4 centaurs
  3 big kobolds
  9 bullfrogs
  Dowan (D:6)
  6 scorpions
  A killer bee (D:10)
  3 wights (D:12)
  6 howler monkeys
  4 crimson imps
  A bullfrog zombie (D:11)
  4 bullfrog skeletons
  5 hounds
  3 jellies
  3 orc priests
  7 centaur skeletons
  4 iguanas
  11 orc wizards
  12 worker ants
  A hound zombie (D:8)
  A hound skeleton (D:4)
  14 adders
  6 gnolls
  A shadow imp (D:5)
  2 oozes
  2 adder skeletons
  2 worms
  3 dart slugs
  8 leopard geckos
  51 orcs
  8 giant cockroaches
  6 goblins
  6 hobgoblins
  8 jackals
  13 kobolds
  6 quokkas
  A ball python (D:2)
  3 bats
  10 frilled lizards
  A jackal zombie (D:7)
  2 quokka skeletons
  7 rats
309 creatures vanquished.

Vanquished Creatures (others)
  2 orc wizards (D:9)
  An orc (D:9)
3 creatures vanquished.

Grand Total: 312 creatures vanquished

Notes
Turn   | Place    | Note
-------+----------+-------------------------------------------
     0 | D:1      | EnegeticOcto the Deep Dwarf Fighter began the quest for the
                  | Orb.
     0 | D:1      | Reached XP level 1. HP: 20/20 MP: 1/1
   140 | D:1      | Reached XP level 2. HP: 25/27 MP: 2/2
   732 | D:2      | Reached XP level 3. HP: 27/34 MP: 3/3
   753 | D:2      | Reached skill level 3 in Axes
  1062 | D:2      | Found a stormy altar of Qazlal.
  1149 | D:2      | Reached XP level 4. HP: 42/42 MP: 4/4
  1174 | D:3      | Noticed Grinder
  1179 | D:3      | Paralysed by Grinder for 2 turns
  1203 | D:3      | Killed Grinder
  1203 | D:3      | Reached skill level 4 in Axes
  1203 | D:3      | Reached XP level 5. HP: 50/50 MP: 4/4
  1254 | D:4      | Reached XP level 6. HP: 48/57 MP: 5/5
  1299 | D:4      | Noticed Eustachio
  1348 | D:4      | Killed Eustachio
  1348 | D:4      | Reached skill level 5 in Axes
  1348 | D:4      | Reached XP level 7. HP: 42/66 MP: 4/4
  1556 | D:4      | Found a snail-covered altar of Cheibriados.
  1556 | D:4      | Found a hide-covered altar of Uskayaw.
  1625 | D:4      | Noticed Pikel
  1687 | D:4      | Reached skill level 5 in Fighting
  1709 | D:4      | Killed Pikel
  1709 | D:4      | Reached skill level 6 in Axes
  1709 | D:4      | Reached skill level 5 in Armour
  1709 | D:4      | Reached skill level 5 in Shields
  1709 | D:4      | Reached XP level 8. HP: 40/76 MP: 5/5
  1720 | D:4      | Found an iron altar of Okawaru.
  1735 | D:4      | Found a blossoming altar of Fedhas.
  1737 | D:4      | Found an ancient bone altar of Kikubaaqudgha.
  1763 | D:4      | Found an opulent altar of Gozag.
  1791 | D:4      | Found a staircase to the Ecumenical Temple.
  1887 | Temple   | Entered the Ecumenical Temple
  3052 | D:5      | Entered Level 5 of the Dungeon
  3210 | D:5      | Reached skill level 7 in Axes
  3323 | D:5      | Found a hide-covered altar of Uskayaw.
  3521 | D:5      | Found a shadowy altar of Dithmenos.
  3649 | D:6      | You fall into a shaft and drop 3 floors!
  3649 | D:9      | Found a staircase to the Orcish Mines.
  3665 | D:9      | Gained mutation: You passively map the area around you.
                  | [Deep Dwarf growth]
  3665 | D:9      | Reached XP level 9. HP: 57/85 MP: 2/2
  3774 | D:9      | Reached skill level 8 in Axes
  3777 | D:9      | Found Ivifrah's Antique Weapon Shoppe.
  4010 | D:8      | Noticed Prince Ribbit
  4174 | D:7      | Found a burning altar of Makhleb.
  4190 | D:7      | Became a worshipper of Makhleb the Destroyer
  4244 | D:7      | Reached skill level 1 in Invocations
  4368 | D:6      | Noticed Duvessa
  4369 | D:6      | Noticed Dowan
  4374 | D:6      | Killed Duvessa
  4384 | D:6      | Killed Dowan
  4384 | D:6      | Reached skill level 9 in Axes
  4542 | D:6      | Found a sacrificial altar of Ru.
  4606 | D:6      | Reached * piety under Makhleb
  4782 | D:6      | Noticed Edmund
  4792 | D:6      | Reached XP level 10. HP: 63/96 MP: 4/4
  4803 | D:6      | Killed Edmund
  5353 | D:8      | Found an ornate altar of the Wu Jian Council.
  5879 | D:9      | Found a white marble altar of Elyvilon.
  5887 | D:9      | Reached ** piety under Makhleb
  5887 | D:9      | Reached skill level 5 in Invocations
  5951 | D:9      | Found Bucwiogo's General Store.
  6150 | D:10     | Entered Level 10 of the Dungeon
  6206 | D:10     | Reached skill level 10 in Axes
  6292 | D:10     | Noticed a gargoyle
  6299 | D:10     | Killed a gargoyle
  6370 | D:10     | Found a large runed translucent door.
  6370 | D:10     | Found a large runed translucent door.
  6399 | D:10     | Killed an unseen horror
  6441 | D:10     | Reached XP level 11. HP: 94/106 MP: 8/8
  6449 | D:10     | Found a large runed translucent door.
  6449 | D:10     | Found a large runed translucent door.
  6524 | D:10     | Killed an unseen horror
  6688 | D:10     | Found a staircase to the Lair.
  6897 | D:11     | Found a runed translucent gate.
  6899 | D:11     | Found a runed translucent gate.
  6902 | D:11     | Found a runed translucent gate.
  6905 | D:11     | Noticed a minotaur
  6906 | D:11     | Noticed zikan's ghost (journeyman FoFi)
  6929 | D:11     | Noticed a two-headed ogre
  6942 | D:11     | Killed a two-headed ogre
  6957 | D:11     | Reached *** piety under Makhleb
  7305 | D:11     | Noticed a brown ugly thing
  7314 | D:11     | Killed a brown ugly thing
  7409 | D:11     | Reached skill level 11 in Axes
  7530 | D:11     | Gained mutation: You are partially covered in slimy green
                  | scales. (AC +2) [potion of mutation]
  7530 | D:11     | Gained mutation: Your spells are a little easier to cast,
                  | but a little less powerful. [potion of mutation]
  7530 | D:11     | Gained mutation: You are somewhat resistant to further
                  | mutation. [potion of mutation]
  8007 | D:12     | Noticed a two-headed ogre
  8015 | D:12     | Killed a two-headed ogre
  8111 | D:12     | Noticed a deep elf mage
  8128 | D:12     | Killed a deep elf mage
  8128 | D:12     | Reached skill level 10 in Fighting
  8247 | D:12     | Noticed a two-headed ogre
  8252 | D:12     | Reached **** piety under Makhleb
  8255 | D:12     | HP: 5/108 [two-headed ogre/+0 giant club (20)]
  8255 | D:12     | Mangled by a two-headed ogre

Levels and vault maps discovered:
D:1:      lightli_arrival_noodles, layout_loops_ring, serial_bayou_lagoon_a,
          serial_bayou_pond_a
D:2:      layout_loops_ring, old_standard_altar, chequers_serial_rivers_micro_e
D:3:      layout_loops_ring, uniq_grinder
D:4:      layout_rooms, grunt_temple_overflow_growth_and_decay,
          nicolae_overflow_hidden_temple, gammafunk_temple_overflow_pools,
          overflow_temple_1_default, uniq_eustachio, uniq_pikel
D:5:      layout_cave_pools, grunt_dithmenos_shadows, basic_altar, first_ration
D:6:      layout_basic, nicolae_ru_great_annihilating_truth, uniq_duvessa,
          uniq_edmund
D:7:      layout_cave_pools, bloody_makhleb
D:8:      layout_gridville, nicolae_overflow_crystal_walls, grunt_livestock,
          uniq_prince_ribbit1
D:9:      layout_big_octagon, overflow_temple_1_default, erik_orc_1,
          serial_shops, shop, shop
D:10:     layout_rooms, lair_entry_dummy, minmay_hollow_rounded_squares
D:11:     kb_forest_paths, layout_basic, maelrawn_ghost_gauntlet_escape
D:12:     layout_gridville, serial_shops, shop, chequers_serial_rivers_room_b,
          hangedman_abyss_or_decor_passed, chequers_serial_rivers_micro_d,
          uniq_jorgrun
Temple:   eino_temple_lava

Skill      XL: |  1  2  3  4  5  6  7  8  9 10 11 |
---------------+----------------------------------+-----
Fighting       | 3 4 5 6 8 9 10 | 10.1
Axes           | 3 4 5 6 7 9 10 11 | 11.4
Armour         | 4 5 6 7 8 |  8.8
Shields        | 4 5 6 7 8 |  8.8
Invocations    | 3 6 9 |  9.2

Action                   |  1- 3 |  4- 6 |  7- 9 | 10-12 || total
-------------------------+-------+-------+-------+-------++-------
Melee: War axe           |   141 |    72 |   303 |       ||   516
       Unarmed           |       |    13 |       |       ||    13
       Broad axe         |       |       |   234 |   458 ||   692
 Abil: Heal Wounds       |     1 |     3 |    17 |    10 ||    31
  Use: Scroll            |       |       |    18 |     5 ||    23
       Potion            |       |       |     1 |     1 ||     2
 Stab: Confused          |       |     1 |       |       ||     1
       Paralysed         |       |       |     1 |       ||     1
  Eat: Chunk             |     1 |     1 |    12 |    15 ||    29
Armor: Scale mail        |    62 |    65 |   235 |    11 ||   373
       Skin              |       |     5 |       |       ||     5
       Plate armour      |       |       |       |   300 ||   300
Dodge: Dodged            |    49 |    51 |   172 |    67 ||   339
Block: Kite shield       |    74 |    64 |   276 |   265 ||   679

Table legend:
 A = Non-vault XP
 B = Vault XP
 C = Vault XP percentage of total XP
 D = Non-vault monster count
 E = Vault monster count
 F = Vault count percentage of total count
                 A         B        C        D         E       F
            +---------+---------+-------+---------+---------+-------
      Total |   13344 |    7176 |  35.0 |     254 |      55 |  17.8
            +---------+---------+-------+---------+---------+-------
        D:1 |      28 |       0 |   0.0 |      16 |       0 |   0.0
        D:2 |      88 |       0 |   0.0 |      25 |       0 |   0.0
        D:3 |     243 |     262 |  51.9 |      36 |       1 |   2.7
        D:4 |     390 |     824 |  67.9 |      14 |       2 |  12.5
        D:5 |     558 |      11 |   1.9 |      17 |       1 |   5.6
        D:6 |    1093 |     428 |  28.1 |      27 |       7 |  20.6
        D:7 |    1167 |       0 |   0.0 |      24 |       0 |   0.0
        D:8 |     605 |     968 |  61.5 |      22 |       5 |  18.5
        D:9 |     979 |     529 |  35.1 |      17 |      15 |  46.9
       D:10 |    2865 |    1592 |  35.7 |      26 |       7 |  21.2
       D:11 |    2343 |    2562 |  52.2 |      17 |      17 |  50.0
       D:12 |    2985 |       0 |   0.0 |      13 |       0 |   0.0
            +---------+---------+-------+---------+---------+-------
